 Dungeon Sprint DCSS version 0.19.1 (webtiles) character file.

1200000 Groucho the Severer (level 12, -36/64 HPs)
             Began as a Gargoyle Fighter on Dec 7, 2016.
             Was an Initiate of Makhleb.
             Annihilated by a meat berserker
             ... wielding a +9 battleaxe
              (56 damage)
             ... in the Dungeon (Sprint VIII: "Arena of Blood").
             The game lasted 00:00:53 (12 turns).

Groucho the Severer (Gargoyle Fighter)                Turns: 12, Time: 00:00:53

Health: -36/64     AC: 15    Str: 21    XL:     12   Next: 2%
Magic:  12/12      EV: 19    Int:  9    God:    Makhleb [......]
Gold:   0          SH:  0    Dex: 13    Spells: 0 memorised, 11 levels left

rFire  . . .     SeeInvis .     h - +∞ Axe of Woe
rCold  . . .     Gourm    .     b - +0 scale mail
rNeg   + . .     Faith    .     (shield currently unavailable)
rPois  ∞         Spirit   .     (no helmet)
rElec  +         Reflect  .     (no cloak)
rCorr  .         Harm     .     (no gloves)
MR     .....     NoTele   +     (no boots)
Stlth  ..........               (no amulet)
                                (no ring)
                                (no ring)

@: very slightly contaminated, hasted, very quick
A: negative energy resistance 1, electricity resistance, unbreathing,
petrification resistance, rot immunity, AC +8
a: Renounce Religion


You were in the Dungeon.
You worshipped Makhleb.
Makhleb was noncommittal.
You were not hungry.

You visited 1 branch

Inventory:

Hand Weapons
 a - a +0 flail
 h - the +∞ Axe of Woe (weapon)
   (You found it in the Dungeon)
Armour
 b - a +0 scale mail (worn)
 c - a +0 shield
Scrolls
 k - a scroll of blinking
Potions
 d - a potion of might
 e - a potion of curing
 g - a potion of heal wounds
 i - 2 potions of magic
 j - a potion of berserk rage
Comestibles
 f - a bread ration


   Skills:
 - Level 3.2 Fighting
 * Level 18.1 Axes
 - Level 2.0(13.3) Maces & Flails
 - Level 3.2 Armour
 * Level 16.8 Dodging
 - Level 3.2 Shields


You had 11 spell levels left.
You didn't know any spells.

Dungeon Overview and Level Annotations

Branches:
Dungeon (1/1)

Altars:
Makhleb


Innate Abilities, Weirdness & Mutations

You are resistant to torment.
Your stone body is resilient. (AC +8)
You are immune to poison.
You resist negative energy. (rN+)
You are resistant to electric shocks. (rElec)
You can survive without breathing.
You are immune to petrification.
You are immune to rotting.


Message History

You feel agile.
You have reached level 7!
You have reached level 8!
You feel stronger.
You have reached level 9!
Your experience leads to an increase in your attributes!
Increase (S)trength, (I)ntelligence, or (D)exterity?
You feel agile.
You have reached level 10!
You have reached level 11!
You have reached level 12!
Your experience leads to an increase in your attributes!
Increase (S)trength, (I)ntelligence, or (D)exterity?
You feel agile.
You feel stronger.
You hear a shout! x10
The meat berserker hits you with a +9 battleaxe!!!
Ouch! That really hurt!
The meat berserker hits you with a +9 battleaxe!!!
Ouch! That really hurt!
You die...

..... .. #...
o# . #... ..#
..###... ..###.
......###o.....
....._.o....
#.O...# #@O<._#
#).o..#
...O._......
......###o.....
..###... ..###.
. #... o.# #...
.# ..... ..


You could see 3 meat berserkers and 4 bags of meat.

Vanquished Creatures
  An orc (D)
1 creature vanquished.

Notes
Turn   | Place    | Note
-------+----------+-------------------------------------------
     0 | D        | Groucho the Gargoyle Fighter began the quest for the Orb.
     0 | D        | Reached XP level 1. HP: 14/14 MP: 1/1
     3 | D        | Noticed a bag of meat
     5 | D        | Noticed a bag of meat
     5 | D        | Noticed a bag of meat
     5 | D        | Noticed a meat berserker
     5 | D        | Noticed a meat berserker
     6 | D        | Noticed a bag of meat
     6 | D        | Noticed a bag of meat
     8 | D        | Noticed a meat berserker
    10 | D        | Noticed a bag of meat
    10 | D        | Became a worshipper of Makhleb the Destroyer
    11 | D        | Noticed a bag of meat
    12 | D        | Killed a bag of meat
    12 | D        | Reached skill level 18 in Axes
    12 | D        | Reached XP level 2. HP: 19/19 MP: 2/2
    12 | D        | Reached XP level 3. HP: 23/23 MP: 3/3
    12 | D        | Reached XP level 4. HP: 28/28 MP: 4/4
    12 | D        | Reached XP level 5. HP: 32/32 MP: 5/5
    12 | D        | Reached XP level 6. HP: 37/37 MP: 6/6
    12 | D        | Reached XP level 7. HP: 41/41 MP: 7/7
    12 | D        | Reached XP level 8. HP: 46/46 MP: 8/8
    12 | D        | Reached XP level 9. HP: 51/51 MP: 9/9
    12 | D        | Reached XP level 10. HP: 56/56 MP: 10/10
    12 | D        | Reached XP level 11. HP: 60/60 MP: 11/11
    12 | D        | Reached XP level 12. HP: 64/64 MP: 12/12
    12 | D        | Annihilated by a meat berserker

Skill      XL: |  1 |
---------------+----+-----
Axes           | 18 | 18.1
Dodging        | 16 | 16.8
Fighting       | |  3.2
Maces & Flails | |  2.0
Armour         | |  3.2
Shields        | |  3.2

Action                   |  1- 3 |  4- 6 |  7- 9 | 10-12 || total
-------------------------+-------+-------+-------+-------++-------
Melee: Executioner's axe |     1 |       |       |       ||     1
  Use: Potion            |     1 |       |       |       ||     1
